 Dungeon Sprint DCSS version 0.16-a0-262-g6fc725f (webtiles) character file.

50052 BluebellGnoll the Evocator (level 14, 117/132 HPs)
             Began as a Deep Dwarf Artificer on Aug 25, 2014.
             Was the Champion of Makhleb.
             Quit the game in the Dungeon (Sprint IX: "|||||||||||||||||||||||||||||").
             The game lasted 00:52:09 (2332 turns).

BluebellGnoll the Evocator (Deep Dwarf Artificer)   Turns: 2332, Time: 00:52:10

HP 117/132       AC 39     Str 15      XL: 14   Next: 18%
MP  30/30        EV  2     Int 14      God: Makhleb [******]
Gold 21          SH 17     Dex 20      Spells:  0 memorised, 13 levels left

rFire  + . .     SeeInvis .     r - +5 war axe (chop)
rCold  + + .     Clarity  .     S - +9 armour of the Dragon King {rPois rF+ rC+ MR+}
rNeg   + . .     rCorr    .     F - +2 shield
rPois  +         rRot     .     q - +0 helmet
rElec  .         Spirit   .     T - +1 cloak
SustAb .         Warding  .     s - +1 pair of gloves
rMut   .         NoTele   +     B - +0 pair of boots
Gourm  .                        (no amulet)
MR     +++..                    P - ring of protection from cold
                                u - +3 ring of dexterity

@: non-regenerating, extremely resistant to hostile enchantments, extremely
unstealthy
A: damage resistance, recharge devices, negative energy resistance 1, sense
surroundings 2, slow healing 3
a: Device Recharging, Minor Destruction, Lesser Servant of Makhleb, Major
Destruction, Greater Servant of Makhleb, Renounce Religion


You were in the Dungeon.
You worshipped Makhleb.
Makhleb was exalted by your worship.
You were not hungry.

You visited 1 branch You collected 1920 gold pieces.
You spent 1899 gold pieces at shops.

Inventory:

Hand weapons
 r - a +5 war axe of chopping (weapon)
 R - a +0 triple crossbow
Missiles
 D - 10 tomahawks (quivered)
 E - 59 bolts
 N - 2 throwing nets
 W - 14 poisoned bolts
 Y - 11 silver bolts
Armour
 q - a +0 helmet (worn)
 s - a +1 pair of gloves (worn)
 B - a +0 pair of boots (worn)
 C - a +2 shield
 F - a +2 shield (worn)
 S - the +9 armour of the Dragon King (worn) {rPois rF+ rC+ MR+}
   (You found it in the Dungeon)

   It protects you from fire.
   It protects you from cold.
   It protects you from poison.
   It affects your resistance to hostile enchantments.
 T - a +1 cloak (worn)
Magical devices
 b - a wand of flame (6)
 c - a wand of enslavement (11)
 d - a wand of random effects (4)
 f - a wand of heal wounds (5)
 p - a wand of draining (0)
Comestibles
 g - 13 bread rations
 z - 40 fruits
 A - 12 meat rations
 V - 2 rotting chunks of deep troll flesh
 X - 2 chunks of human flesh
Scrolls
 a - a scroll of fog
 m - 4 scrolls of blinking
 n - 2 scrolls of amnesia
 o - 3 scrolls of remove curse
 x - 4 scrolls of identify
 y - a scroll of recharging
 G - a scroll of summoning
 U - 2 scrolls of enchant armour
Jewellery
 t - a +3 ring of dexterity
 u - a +3 ring of dexterity (left hand)
 H - an uncursed ring of sustain abilities
 O - an uncursed ring of see invisible
 P - a ring of protection from cold (right hand)
 Q - an uncursed ring of protection from fire
Potions
 e - a potion of restore abilities
 h - 7 potions of curing
 i - 10 potions of heal wounds
 j - 2 potions of invisibility
 k - 4 potions of magic
 l - a potion of berserk rage
 v - 4 potions of might
 w - a potion of cure mutation
 I - 2 potions of resistance
 J - 4 potions of agility
 L - 2 potions of lignification
 M - a potion of haste
Miscellaneous
 K - a lamp of fire (inert)


   Skills:
 - Level 10.2 Fighting
   Level 0.8 Short Blades
 * Level 17.1 Axes
 - Level 17.7 Armour
 - Level 9.8 Dodging
 - Level 10.9 Stealth
 * Level 17.9 Shields
 - Level 13.3 Invocations
 - Level 25.6 Evocations


You had 13 spell levels left.
You didn't know any spells.

Dungeon Overview and Level Annotations

Branches:
Dungeon (1/1)

Altars:
Cheibriados
Dithmenos
Elyvilon
Fedhas
Gozag
Kikubaaqudgha
Makhleb
Nemelex Xobeh
Okawaru
Qazlal
Sif Muna
Trog
Vehumet
Xom
Yredelemnul
Zin
The Shining One
Beogh
Jiyva
Lugonu

Shops:
D !*[%


Innate Abilities, Weirdness & Mutations

You are resistant to damage.
You can recharge devices by infusing magical energy.
You resist negative energy.
You passively map the area around you.
You do not heal naturally.


Message History

Things that are here:
a mace; a ring mail; a human corpse You offer a prayer to Makhleb.
The human corpse flares red and disappears.
Makhleb is exalted by your worship.
An ice dragon comes into view.
The ice dragon breathes frost at you. The blast of cold hits you! You resist.
Evoke which item? (* to show all) (? for menu, Esc to quit)
Aim the lamp in which direction?
Press: ? - help, Dir - move target cursor, f - cacodemon
Aim: a cacodemon (friendly, summoned)
The flames dance!
The trail of fire hits your cacodemon.
Your cacodemon is lightly wounded.
The cacodemon is engulfed in roaring flames.
The cacodemon hits you but does no damage.
The cacodemon hits you. The ice dragon breathes frost at you.
The blast of cold hits you! You resist.
Are you sure you want to abandon this character and quit the game? (Confirm with "yes".)

[▓.▓'▓.▓'▓.▓.▓.▓+▓,*
* , ,
.▓)▓.▓.▓.▓.▓.▓.▓.▓ +
* .▓.▓.▓.▓.▓.▓.▓.▓D▓
, .▓.▓.▓.▓.▓.▓'▓.▓.▓
* ,* * *
'▓.▓)▓.▓)▓.▓.▓.▓.▓ ,
*,
(▓.▓.▓.▓.▓.▓.▓.▓.▓
(▓.▓∩▓.▓.▓.▓.▓.▓.▓
*, ,
.▓.▓.▓.▓.▓.▓)▓.▓.▓
*, ,*
.▓.▓∩▓)▓.▓.▓.▓.▓@▓ ,
* * * ,
.▓.▓.▓.▓.▓.▓)▓.▓2▓ *
+
.▓.▓∩▓.▓.▓.▓.▓.▓§▓,
, ,
.▓.▓.▓.▓)▓.▓.▓.▓§▓,
, * *
.▓.▓∩▓.▓.▓.▓)▓.▓§▓ ,
,*
.▓.▓.▓.▓.▓.▓'▓.▓§▓ *
* %▓.▓)▓.▓.▓.▓(▓.▓§▓
,
.▓.▓)▓.▓(▓.▓.▓.▓§▓,*
.▓.▓)▓.▓)▓.▓.▓.▓E▓,
, , ,


You could see a cacodemon, an ice dragon and a friendly fire elemental.

Vanquished Creatures
  2 Orb Guardians (D)
  A sphinx (D)
  2 ghost moths (D)
  2 frost giants (D)
  A cacodemon (D)
  A stone giant (D)
  2 vault guards (D)
  4 great orbs of eyes (D)
  2 yaktaur captains (D)
  3 ironheart preservers (D)
  3 hydras (D)
  An ogre mage (D)
  An alligator (D)
  A deep troll earth mage (D)
  2 spriggan berserkers (D)
  2 deep troll shamans (D)
  3 naga sharpshooters (D)
  A sea snake (D)
  A swamp dragon (D)
  3 hill giants (D)
  5 orc knights (D)
  2 ironbrand convokers (D)
  A griffon (D)
  A faun (shapeshifter) (D)
  A moth of wrath (D)
  An elephant (D)
  3 orc sorcerers (D)
  2 black mambas (D)
  A spiny frog (D)
  A guardian mummy (D)
  4 komodo dragons (D)
  A yaktaur (D)
  A freezing wraith (D)
  2 merfolk (D)
  A polar bear (D)
  A wind drake (D)
  A baby alligator (shapeshifter) (D)
  A raven (D)
  A slime creature (D)
  2 trolls (D)
  A tarantella (D)
  A basilisk (D)
  A wyvern (D)
  2 yaks (D)
  2 hippogriffs (D)
  A vampire mosquito (D)
  A water moccasin (D)
  A spider (D)
  A porcupine (D)
  An orc warrior (D)
  A crocodile (D)
  A giant frog (D)
  An insubstantial wisp (D)
  A hound (D)
  A crimson imp (D)
  An orc wizard (D)
  2 iguanas (D)
  4 adders (D)
  A worm simulacrum (D)
  2 orc zombies (D)
  An adder skeleton (D)
  2 goblins (D)
  2 hobgoblins (D)
  3 bats (D)
  A giant newt (D)
  A hobgoblin zombie (D)
  2 kobolds (D)
  A rat zombie (D)
111 creatures vanquished.

Vanquished Creatures (collateral kills)
  A very ugly thing (D)
  A vampire knight (D)
  An ettin (D)
  A merfolk impaler (D)
  Josephine (D)
  Harold (D)
  A great orb of eyes (D)
  A centaur warrior (D)
  2 rakshasas (D)
  An orc high priest (D)
  An orb spider (D)
  A hill giant (D)
  3 orc sorcerers (D)
  2 orc knights (D)
  A manticore (D)
  An ugly thing (D)
  A griffon (D)
  3 black mambas (D)
  A vault sentinel (D)
  A sixfirhy (D)
  Joseph (D)
  A fire drake (shapeshifter) (D)
  2 demonic crawlers (D)
  A queen bee (shapeshifter) (D)
  A slime creature (D)
  A basilisk (D)
  A hill giant zombie (D)
  A tarantella (D)
  5 wargs (D)
  A wolf (D)
  2 hell hounds (D)
  8 orc warriors (D)
  A centaur (D)
  2 orc priests (D)
  11 orc wizards (D)
  2 shadow imps (D)
  2 orc zombies (D)
  An adder skeleton (D)
  An adder simulacrum (D)
  8 orcs (D)
  A goblin zombie (D)
  A kobold zombie (D)
  A rat (D)
  A rat skeleton (D)
83 creatures vanquished.

Vanquished Creatures (others)
  An Executioner (D)
  A balrug (D)
  2 cacodemons (D)
  4 fire elementals (D)
  A plant (D)
9 creatures vanquished.

Grand Total: 203 creatures vanquished

Notes
Turn   | Place    | Note
--------------------------------------------------------------
     0 | D        | BluebellGnoll, the Deep Dwarf Artificer, began the quest for the Orb.
     0 | D        | Reached XP level 1. HP: 16/16 MP: 1/1
    18 | D        | Reached skill level 5 in Evocations
    22 | D        | Reached skill level 6 in Evocations
    33 | D        | Noticed a crimson imp
    52 | D        | Reached skill level 7 in Evocations
    52 | D        | Reached XP level 2. HP: 24/24 MP: 4/4
    62 | D        | Found a glowing silver altar of Zin.
    62 | D        | Found a glowing golden altar of the Shining One.
    62 | D        | Found an ancient bone altar of Kikubaaqudgha.
    62 | D        | Found a basalt altar of Yredelemnul.
    62 | D        | Found a shimmering altar of Xom.
    62 | D        | Found a radiant altar of Vehumet.
    62 | D        | Found an iron altar of Okawaru.
    63 | D        | Found a burning altar of Makhleb.
    64 | D        | Found a deep blue altar of Sif Muna.
    66 | D        | Found a bloodstained altar of Trog.
    67 | D        | Found a sparkling altar of Nemelex Xobeh.
    68 | D        | Found a white marble altar of Elyvilon.
    69 | D        | Found a roughly hewn altar of Beogh.
    70 | D        | Found a viscous altar of Jiyva.
    71 | D        | Found a corrupted altar of Lugonu.
    72 | D        | Found a blossoming altar of Fedhas.
    73 | D        | Became a worshipper of Makhleb the Destroyer
    74 | D        | Found a snail-covered altar of Cheibriados.
    75 | D        | Found a shadowy altar of Dithmenos.
    76 | D        | Found a stormy altar of Qazlal.
    77 | D        | Found an opulent altar of Gozag.
   104 | D        | Killed a crimson imp
   104 | D        | Reached skill level 10 in Evocations
   104 | D        | Reached XP level 3. HP: 28/30 MP: 6/8
   149 | D        | Acquired Makhleb's first power
   320 | D        | Noticed an iguana
   320 | D        | Noticed a troll
   320 | D        | Noticed an orc warrior
   322 | D        | Reached skill level 1 in Fighting
   323 | D        | Killed a troll
   323 | D        | Acquired Makhleb's second power
   323 | D        | Reached skill level 5 in Fighting
   323 | D        | Reached XP level 4. HP: 30/48 MP: 10/10
   323 | D        | Reached XP level 5. HP: 34/55 MP: 13/13
   324 | D        | Killed an orc warrior
   324 | D        | Reached XP level 6. HP: 27/63 MP: 16/16
   324 | D        | Killed an iguana
   326 | D        | Acquired Makhleb's third power
   461 | D        | Noticed a giant frog
   461 | D        | Noticed a yak
   461 | D        | Noticed a yak
   461 | D        | Noticed a hill giant
   461 | D        | Noticed a troll
   469 | D        | a troll (ally) was killed
   469 | D        | Acquired Makhleb's fourth power
   473 | D        | Killed a yak
   474 | D        | Killed a hill giant
   474 | D        | Reached skill level 11 in Armour
   474 | D        | Reached XP level 7. HP: 72/72 MP: 18/18
   474 | D        | Killed a yak
   474 | D        | Reached skill level 12 in Armour
   474 | D        | Reached XP level 8. HP: 80/80 MP: 20/20
   476 | D        | Acquired Makhleb's fifth power
   481 | D        | Killed a giant frog
   604 | D        | Noticed a basilisk
   604 | D        | Noticed a komodo dragon
   604 | D        | Noticed a crocodile
   604 | D        | Noticed a porcupine
   604 | D        | Noticed an iguana
   605 | D        | Killed an iguana
   605 | D        | Reached skill level 1 in Invocations
   605 | D        | Killed a porcupine
   605 | D        | Reached skill level 5 in Invocations
   608 | D        | Noticed a komodo dragon
   609 | D        | Killed a crocodile
   610 | D        | Noticed a polar bear
   610 | D        | Killed a basilisk
   611 | D        | Killed a komodo dragon
   611 | D        | Reached skill level 10 in Invocations
   615 | D        | Killed a komodo dragon
   615 | D        | Killed a polar bear
   615 | D        | Reached skill level 13 in Invocations
   615 | D        | Gained mutation: You passively map the area around you. [level up]
   615 | D        | Reached XP level 9. HP: 86/86 MP: 21/25
   631 | D        | Noticed a hound
   631 | D        | Noticed a komodo dragon
   631 | D        | Noticed an elephant
   631 | D        | Noticed a komodo dragon
   631 | D        | Noticed a hippogriff
   633 | D        | Killed a hippogriff
   634 | D        | Killed a komodo dragon
   634 | D        | Reached skill level 10 in Axes
   634 | D        | Reached skill level 5 in Dodging
   635 | D        | Noticed a griffon
   635 | D        | Killed an elephant
   635 | D        | Killed a hound
   636 | D        | Noticed a four-headed hydra
   637 | D        | Killed a komodo dragon
   643 | D        | Killed a griffon
   643 | D        | Killed a four-headed hydra
   643 | D        | Reached XP level 10. HP: 94/94 MP: 25/25
   658 | D        | Noticed a warg
   658 | D        | Noticed a warg
   658 | D        | Noticed a warg
   660 | D        | Noticed a wolf
   661 | D        | Killed a warg
   662 | D        | Noticed a warg
   662 | D        | Killed a warg
   664 | D        | Noticed a warg
   664 | D        | Killed a warg
   666 | D        | Noticed a hell hound
   667 | D        | Killed a warg
   672 | D        | Killed a warg
   674 | D        | Killed a hell hound
   675 | D        | Killed a wolf
   678 | D        | Noticed a hell hound
   681 | D        | Killed a hell hound
   726 | D        | Noticed Joseph
   732 | D        | Killed Joseph
   809 | D        | Noticed an orc wizard
   809 | D        | Noticed an orc wizard
   809 | D        | Noticed an orc priest
   809 | D        | Noticed an orc warrior
   809 | D        | Noticed an orc wizard
   809 | D        | Noticed an ettin
   814 | D        | Killed an ettin
   820 | D        | Killed an orc warrior
   820 | D        | Killed an orc wizard
   824 | D        | Killed an orc priest
   826 | D        | Killed an orc wizard
   827 | D        | Killed an orc wizard
   838 | D        | Noticed an orc wizard
   842 | D        | Killed an orc wizard
   859 | D        | Noticed an orc knight
   859 | D        | Noticed an orc warrior
   859 | D        | Noticed an orc warrior
   859 | D        | Noticed an orc warrior
   859 | D        | Noticed an orc warrior
   859 | D        | Noticed an orc high priest
   859 | D        | Noticed an orc warrior
   860 | D        | Noticed a sixfirhy
   862 | D        | Killed an orc warrior
   862 | D        | Killed a sixfirhy
   866 | D        | Killed an orc high priest
   866 | D        | Reached skill level 5 in Stealth
   868 | D        | Killed an orc warrior
   870 | D        | Killed an orc warrior
   871 | D        | Killed an orc knight
   871 | D        | Killed an orc warrior
   873 | D        | Killed an orc warrior
   873 | D        | Reached skill level 14 in Evocations
   874 | D        | Noticed an orc sorcerer
   878 | D        | Killed an orc sorcerer
   878 | D        | Killed an orc warrior
   878 | D        | Killed an orc priest
   882 | D        | Noticed an orc warrior
   885 | D        | Killed an orc warrior
   992 | D        | Found Tranul's Food Boutique.
   992 | D        | Noticed an orc wizard
   992 | D        | Noticed an orc wizard
   992 | D        | Noticed an orc sorcerer
   992 | D        | Noticed an orc sorcerer
   992 | D        | Noticed an orc wizard
   992 | D        | Noticed an orc sorcerer
   993 | D        | Killed an orc wizard
   994 | D        | Killed an orc sorcerer
   994 | D        | Reached skill level 15 in Evocations
   994 | D        | Killed an orc sorcerer
   994 | D        | Killed an orc sorcerer
   994 | D        | Reached skill level 16 in Evocations
   994 | D        | Reached XP level 11. HP: 100/104 MP: 24/26
   996 | D        | Killed an orc wizard
   996 | D        | Killed an orc wizard
   998 | D        | Noticed an orc wizard
  1000 | D        | Noticed an orc wizard
  1001 | D        | Found Geumm's Armour Shop.
  1002 | D        | Killed an orc wizard
  1003 | D        | Killed an orc wizard
  1004 | D        | Found Rudd's Assorted Antiques.
  1009 | D        | Found Qelao's Distillery.
  1011 | D        | Noticed an orc sorcerer
  1016 | D        | Noticed an orc wizard
  1016 | D        | Killed an orc sorcerer
  1020 | D        | Noticed an orc sorcerer
  1021 | D        | Killed an orc wizard
  1023 | D        | Killed an orc sorcerer
  1024 | D        | Noticed an orc wizard
  1024 | D        | Killed an orc wizard
  1025 | D        | Noticed an orc wizard
  1028 | D        | Killed an orc wizard
  1083 | D        | Bought a +2 shield for 231 gold pieces
  1086 | D        | Bought a scroll labeled OGOSMAM PHAECHI for 21 gold pieces
  1086 | D        | Bought a scroll of identify for 42 gold pieces
  1086 | D        | Bought a bone ring for 105 gold pieces
  1086 | D        | Bought a scroll of blinking for 157 gold pieces
  1086 | D        | Bought a sedimented brown potion for 18 gold pieces
  1086 | D        | Bought a scroll of identify for 42 gold pieces
  1086 | D        | Bought a bubbling orange potion for 18 gold pieces
  1086 | D        | Bought a lamp of fire for 840 gold pieces
  1086 | D        | Bought 2 cyan potions for 37 gold pieces
  1089 | D        | Bought a potion of haste for 77 gold pieces
  1089 | D        | Bought 2 potions of heal wounds for 66 gold pieces
  1089 | D        | Bought a potion of agility for 27 gold pieces
  1089 | D        | Bought a potion of resistance for 77 gold pieces
  1089 | D        | Bought a potion of invisibility for 60 gold pieces
  1089 | D        | Bought a potion of agility for 27 gold pieces
  1089 | D        | Bought a potion of might for 27 gold pieces
  1089 | D        | Bought a potion of agility for 27 gold pieces
  1123 | D        | Noticed Josephine
  1130 | D        | Killed Josephine
  1174 | D        | Noticed Harold
  1182 | D        | Killed Harold
  1182 | D        | Reached skill level 17 in Evocations
  1310 | D        | Noticed a hill giant
  1310 | D        | Noticed an orc knight
  1310 | D        | Noticed an orc knight
  1310 | D        | Noticed a wyvern
  1313 | D        | Killed a wyvern
  1313 | D        | Killed an orc knight
  1314 | D        | Killed an orc knight
  1314 | D        | Reached skill level 18 in Evocations
  1315 | D        | Noticed a basilisk
  1320 | D        | Noticed a great orb of eyes
  1321 | D        | Killed a hill giant
  1322 | D        | Noticed a manticore
  1326 | D        | Killed a basilisk
  1327 | D        | Noticed a centaur warrior
  1330 | D        | Killed a great orb of eyes
  1330 | D        | Reached skill level 10 in Stealth
  1332 | D        | Killed a manticore
  1333 | D        | Killed a centaur warrior
  1333 | D        | Reached skill level 19 in Evocations
  1336 | D        | Noticed a deep troll shaman
  1338 | D        | Noticed a slime creature
  1343 | D        | Noticed a rakshasa
  1344 | D        | Killed a rakshasa
  1344 | D        | Reached skill level 10 in Fighting
  1345 | D        | Killed a deep troll shaman
  1345 | D        | Killed a slime creature
  1348 | D        | Noticed a slime creature
  1350 | D        | Killed a slime creature
  1557 | D        | Noticed a merfolk impaler
  1557 | D        | Noticed a hippogriff
  1557 | D        | Noticed a merfolk
  1557 | D        | Noticed a wind drake
  1557 | D        | Noticed a merfolk
  1557 | D        | Noticed a sea snake
  1559 | D        | Killed a merfolk
  1559 | D        | Reached skill level 1 in Shields
  1561 | D        | Noticed a griffon
  1561 | D        | Killed a sea snake
  1561 | D        | Killed a hippogriff
  1562 | D        | Killed a merfolk
  1563 | D        | Killed a wind drake
  1563 | D        | Reached skill level 5 in Shields
  1565 | D        | Killed a merfolk impaler
  1569 | D        | Noticed a centaur
  1569 | D        | Killed a griffon
  1572 | D        | Killed a centaur
  1698 | D        | Noticed an insubstantial wisp
  1698 | D        | Noticed a vampire mosquito
  1698 | D        | Noticed an eight-headed hydra
  1698 | D        | Noticed a raven
  1698 | D        | Noticed a swamp dragon
  1698 | D        | Noticed an alligator
  1698 | D        | Noticed a spiny frog
  1699 | D        | Killed a vampire mosquito
  1699 | D        | Killed a raven
  1699 | D        | Killed a spiny frog
  1701 | D        | Killed an alligator
  1701 | D        | Reached XP level 12. HP: 116/116 MP: 27/27
  1701 | D        | Killed an eight-headed hydra
  1703 | D        | Noticed an eight-headed hydra
  1704 | D        | Killed a swamp dragon
  1710 | D        | Killed an insubstantial wisp
  1712 | D        | Killed an eight-headed hydra
  1712 | D        | Reached skill level 15 in Armour
  1729 | D        | Noticed a demonic crawler
  1729 | D        | Noticed a demonic crawler
  1729 | D        | Noticed a tarantella
  1729 | D        | Noticed a moth of wrath
  1729 | D        | Noticed a spider
  1730 | D        | Killed a spider
  1730 | D        | Killed a tarantella
  1730 | D        | Reached skill level 10 in Shields
  1732 | D        | Noticed a tarantella
  1732 | D        | Noticed a ghost moth
  1732 | D        | Noticed a ghost moth
  1734 | D        | Killed a moth of wrath
  1736 | D        | Killed a ghost moth
  1739 | D        | Killed a ghost moth
  1743 | D        | Noticed an orb spider
  1744 | D        | Killed a demonic crawler
  1746 | D        | Killed a demonic crawler
  1747 | D        | Killed a tarantella
  1749 | D        | Killed an orb spider
  1767 | D        | Noticed a black mamba
  1767 | D        | Noticed a naga sharpshooter
  1767 | D        | Noticed a naga sharpshooter
  1767 | D        | Noticed a water moccasin
  1767 | D        | Noticed a black mamba
  1767 | D        | Noticed a naga sharpshooter
  1767 | D        | Noticed a black mamba
  1768 | D        | Killed a water moccasin
  1769 | D        | Killed a black mamba
  1770 | D        | Killed a black mamba
  1770 | D        | Killed a naga sharpshooter
  1772 | D        | Killed a naga sharpshooter
  1773 | D        | Killed a naga sharpshooter
  1775 | D        | Noticed a black mamba
  1776 | D        | Noticed a black mamba
  1777 | D        | Killed a black mamba
  1778 | D        | Killed a black mamba
  1779 | D        | Killed a black mamba
  1919 | D        | Noticed a great orb of eyes
  1919 | D        | Noticed a spriggan berserker
  1919 | D        | Noticed a hill giant
  1919 | D        | Noticed an emperor scorpion
  1919 | D        | Noticed a stone giant
  1919 | D        | Noticed a frost giant
  1919 | D        | Noticed a baby alligator
  1921 | D        | Killed a baby alligator
  1921 | D        | Reached skill level 20 in Evocations
  1921 | D        | Killed a spriggan berserker
  1926 | D        | Killed a frost giant
  1926 | D        | Reached skill level 21 in Evocations
  1926 | D        | Reached XP level 13. HP: 94/123 MP: 27/29
  1926 | D        | Killed a hill giant
  1928 | D        | Killed a stone giant
  1928 | D        | Reached skill level 22 in Evocations
  1936 | D        | Noticed a great orb of eyes
  1936 | D        | Noticed a frost giant
  1940 | D        | Killed a great orb of eyes
  1942 | D        | Killed a great orb of eyes
  1944 | D        | Killed a frost giant
  1944 | D        | Reached skill level 23 in Evocations
  1991 | D        | Noticed a deep troll earth mage
  1992 | D        | Noticed a deep troll shaman
  1995 | D        | Noticed a yaktaur
  1997 | D        | Killed a yaktaur
  1998 | D        | Killed a deep troll shaman
  1998 | D        | Reached skill level 24 in Evocations
  1999 | D        | Noticed a rakshasa
  2000 | D        | Killed a deep troll earth mage
  2002 | D        | Noticed a cyan ugly thing
  2002 | D        | Killed a rakshasa
  2004 | D        | Killed a cyan ugly thing
  2125 | D        | Noticed a slime creature
  2127 | D        | Noticed a hill giant
  2128 | D        | Noticed a spriggan berserker
  2130 | D        | a slime creature changed into a faun
  2131 | D        | Killed a hill giant
  2131 | D        | Reached skill level 25 in Evocations
  2145 | D        | Noticed a vampire knight
  2151 | D        | Killed a spriggan berserker
  2159 | D        | Killed a vampire knight
  2220 | D        | Noticed a queen bee
  2220 | D        | Noticed an orc knight
  2220 | D        | Noticed a vault sentinel
  2220 | D        | Noticed an orc knight
  2220 | D        | Noticed an ironheart preserver
  2220 | D        | Noticed an ironbrand convoker
  2223 | D        | Killed an ironbrand convoker
  2229 | D        | Noticed a freezing wraith
  2231 | D        | Killed an ironheart preserver
  2237 | D        | Noticed a fire drake
  2238 | D        | Killed a vault sentinel
  2238 | D        | Killed an orc knight
  2238 | D        | Killed a queen bee
  2239 | D        | Noticed a purple very ugly thing
  2240 | D        | Noticed an orc knight
  2240 | D        | Killed an orc knight
  2241 | D        | Noticed a yaktaur captain
  2241 | D        | Killed a freezing wraith
  2243 | D        | Killed a fire drake
  2245 | D        | Killed a yaktaur captain
  2246 | D        | Killed a purple very ugly thing
  2248 | D        | Killed an orc knight
  2250 | D        | Noticed an ironheart preserver
  2251 | D        | Noticed an ironheart preserver
  2252 | D        | Noticed a great orb of eyes
  2254 | D        | Noticed a great orb of eyes
  2255 | D        | Noticed a yaktaur captain
  2259 | D        | Noticed an orc knight
  2265 | D        | Killed an ironheart preserver
  2265 | D        | Reached skill level 15 in Shields
  2266 | D        | Killed an ironheart preserver
  2266 | D        | Killed a great orb of eyes
  2266 | D        | Killed a yaktaur captain
  2266 | D        | Reached skill level 15 in Axes
  2266 | D        | Killed a great orb of eyes
  2272 | D        | Noticed an ogre mage
  2272 | D        | Killed an orc knight
  2274 | D        | Noticed an Orb Guardian
  2275 | D        | Noticed a vault guard
  2275 | D        | Killed an ogre mage
  2277 | D        | Noticed an ironbrand convoker
  2283 | D        | Noticed a guardian mummy
  2284 | D        | Killed an Orb Guardian
  2286 | D        | Noticed a sphinx
  2286 | D        | Noticed an Orb Guardian
  2287 | D        | Killed an ironbrand convoker
  2290 | D        | Killed a vault guard
  2290 | D        | Gained mutation: You resist negative energy. [level up]
  2290 | D        | Reached XP level 14. HP: 132/132 MP: 30/30
  2292 | D        | Killed a sphinx
  2292 | D        | Killed an Orb Guardian
  2294 | D        | Killed a guardian mummy
  2299 | D        | Noticed a vault guard
  2309 | D        | Killed a vault guard
  2329 | D        | Noticed an ice dragon
  2332 | D        | Quit the game

Action                   |  1- 3 |  4- 6 |  7- 9 | 10-12 | 13-15 || total
-------------------------+-------+-------+-------+-------+-------++-------
Melee: Short sword       |    12 |       |       |       |       ||    12
       Scimitar          |     4 |       |       |       |       ||     4
       War axe           |     2 |       |     3 |    37 |    31 ||    73
Throw: Tomahawk          |       |       |       |    10 |       ||    10
Invok: Greater Servant o |       |       |       |     8 |     3 ||    11
       Major Destruction |       |       |       |       |     3 ||     3
 Abil: Device Recharging |       |       |     1 |     3 |     2 ||     6
Evoke: Wand              |     7 |     8 |    23 |    15 |    13 ||    66
       Lamp of fire      |       |       |       |     7 |     9 ||    16
  Use: Potion            |     1 |     2 |       |     1 |       ||     4
       Scroll            |       |       |     3 |     3 |       ||     6
 Stab: Distracted        |       |       |       |       |     1 ||     1
  Eat: Chunk             |       |       |       |     4 |     3 ||     7
